 Dungeon Crawl Stone Soup version 0.22-a0-479-gc6e99f3 (webtiles) character file.

14975 Yarrr the Severer (level 11, 0/95 HPs)
             Began as a Minotaur Fighter on June 13, 2018.
             Was a High Priest of Okawaru.
             Killed from afar by an electric eel (8 damage)
             ... with a bolt of electricity
             ... on level 1 of the Lair of Beasts on June 14, 2018.
             The game lasted 01:15:40 (11661 turns).

Yarrr the Severer (Minotaur Fighter)               Turns: 11661, Time: 01:15:41

Health: 0/95       AC: 13    Str: 24    XL:     11   Next: 95%
Magic:  14/14      EV:  9    Int:  5    God:    Okawaru [*****.]
Gold:   727        SH: 16    Dex: 10    Spells: 10/10 levels left

rFire    + . .     SeeInvis .   a - +1 war axe
rCold    + . .     Gourm    .   c - +1 shield
rNeg     . . .     Faith    .   O - +0 acid dragon scales
rPois    .         Spirit   .   (helmet restricted)
rElec    .         Reflect  +   (no cloak)
rCorr    +         Harm     .   h - +2 pair of gloves
MR       .....                  N - +0 pair of boots
Stlth    +.........             o - +4 amulet of reflection
HPRegen  0.25/turn              V - ring of protection from cold
MPRegen  0.14/turn              G - ring of protection from fire

@: no status effects
A: retaliatory headbutt, horns 2
a: Heroism, Finesse, Renounce Religion


You were on level 1 of the Lair of Beasts.
You worshipped Okawaru.
Okawaru was extremely pleased with you.
You were hungry.

You visited 3 branches of the dungeon, and saw 14 of its levels.
You also visited: Ossuary.

You collected 902 gold pieces.
You spent 175 gold pieces at shops.

Inventory:

Hand Weapons
 a - a +1 war axe (weapon)
 y - a +0 flail of protection
Missiles
 z - 24 tomahawks (quivered)
 Q - 7 poisoned javelins
Armour
 c - a +1 shield (worn)
 h - a +2 pair of gloves (worn)
 N - a +0 pair of boots (worn)
 O - +0 acid dragon scales (worn)
Jewellery
 o - a +4 amulet of reflection (around neck)
 D - an uncursed ring of ice
 G - a ring of protection from fire (right hand)
 M - an uncursed ring of see invisible
 V - a ring of protection from cold (left hand)
Wands
 e - a wand of digging (19)
 k - a wand of random effects (24)
 n - a wand of polymorph (16)
 s - a wand of flame (40)
 K - a wand of acid (8)
 S - a wand of paralysis (13)
Scrolls
 b - a scroll of enchant weapon
 m - 10 scrolls of teleportation
 u - 5 scrolls of fear
 B - 6 scrolls of magic mapping
 C - 5 scrolls of remove curse
 F - 2 scrolls of enchant armour
 J - a scroll of fog
Potions
 d - a potion of berserk rage
 l - 5 potions of heal wounds
 p - 4 potions of curing
 q - 2 potions of might
 t - 2 potions of haste
 H - 2 potions of ambrosia
 L - a potion of cancellation
 P - a potion of flight {unknown}
Comestibles
 f - 25 rations
 i - 5 chunks of flesh


   Skills:
 + Level 8.5 Fighting
 + Level 16.6 Axes
 + Level 8.5 Armour
 + Level 8.6 Shields
 + Level 6.2 Invocations


You had 10 spell levels left.
You didn't know any spells.
Your spell library contained the following spells:

 Spells                   Type           Power        Failure   Level  Hunger
 Confuse                  Hex            #.......     99%         3    ####...
 Confusing Touch          Hex            #.....       83%         1    ##.....
 Metabolic Englaciation   Hex/Ice        #.........   100%        5    ######.
 Petrify                  Tmut/Erth      #.......     100%        4    #####..
 Gell's Gravitas          Tloc           #.........   99%         3    ####...
 Yara's Violent Unravell  Hex/Tmut       #.........   100%        5    ######.


Dungeon Overview and Level Annotations

Branches:
Dungeon (12/15)            Temple (1/1) D:5            Lair (1/6) D:11
    Orc (0/2) D:12

Altars:
Ashenzari
Cheibriados
Dithmenos
Elyvilon
Fedhas
Gozag
Hepliaklqana
Kikubaaqudgha
Makhleb
Nemelex Xobeh
Okawaru
Qazlal
Ru
Sif Muna
Trog
Uskayaw
Vehumet
Wu Jian
Xom
Yredelemnul
Zin
The Shining One

Shops:
D:5 ?


Innate Abilities, Weirdness & Mutations

You reflexively headbutt those who attack you in melee.
You have a pair of horns on your head.


Message History

The bolt of electricity misses the electric eel.
You barely miss the electric eel.
You headbutt the electric eel, but do no damage.
The electric eel is heavily wounded.
You hit the electric eel but do no damage.
You slash the komodo dragon! The komodo dragon closely misses you.
You barely miss the electric eel.
The electric eel is heavily wounded.
You hit the electric eel but do no damage.
You hit the komodo dragon but do no damage.
The electric eel shoots out a bolt of lightning at you!
The bolt of electricity hits you!
* * * LOW HITPOINT WARNING * * *
The bolt of electricity hits you!
* * * LOW HITPOINT WARNING * * *
The electric eel shoots out a bolt of lightning at you!
The bolt of electricity hits you!
* * * LOW HITPOINT WARNING * * *
The bolt of electricity hits you!
You die...

#................
##...%............
#.................
#.. #...........
#..##.....#...##
####............#
#.........;;....#
#<....l@....#
#...##.#.#.....#
##.. #.....#....#
#.. ##.####...##
#.. #.# ..# #..
..# ..# #.. ....
.. #.. .... ...


You could see a komodo dragon and 2 electric eels.

Vanquished Creatures
  The ghost of Nib the Magician, a journeyman GnIE of Gozag (D:11)
  A two-headed ogre (D:9)
  The ghost of Zgarb the Thaumaturge, a novice GnWz of Ashenzari (D:9)
  A deep elf mage (D:12)
  4 orc sorcerers (D:11)
  2 cyclopes
  A gargoyle (D:10)
  A tengu conjurer (D:12)
  A troll (D:12)
  The ghost of Slunt the Skirmisher, an amateur DsAK of Lugonu (D:4)
  5 slime creatures (D:10)
  A hippogriff (D:11)
  7 yaks
  Sigmund (D:2)
  A human (D:7)
  4 hogs (D:7)
  2 hungry ghosts
  An acid dragon (D:12)
  2 porcupines (D:11)
  6 orc warriors
  2 sky beasts
  2 black bears
  2 ice beasts
  6 ogres
  2 necrophages
  5 centaurs
  2 crocodiles
  2 big kobolds
  7 bullfrogs
  A gnoll sergeant (D:6)
  2 wyvern skeletons
  An elf skeleton (D:7)
  2 scorpions
  8 wights
  8 crimson imps
  3 centaur zombies
  5 human zombies
  7 orc priests
  3 bullfrog zombies
  7 hounds
  2 jellies
  A bullfrog skeleton (D:12)
  2 centaur skeletons
  2 iguanas
  7 worker ants
  14 orc wizards
  2 big kobold zombies (Ossuary)
  4 hound zombies (Ossuary)
  6 mummies
  14 adders
  6 gnolls (D:6)
  An ooze (D:7)
  5 adder zombies
  2 adder skeletons
  3 worms
  3 dart slugs
  4 leopard geckos
  44 orcs
  8 bats
  3 giant cockroaches (D:2)
  A gnoll zombie (Ossuary)
  9 goblins
  5 hobgoblins
  9 jackals
  12 kobolds
  A quokka (D:10)
  A ball python (D:5)
  8 frilled lizards
  A giant cockroach zombie (D:5)
  7 goblin zombies (Ossuary)
  2 hobgoblin zombies (Ossuary)
  3 jackal zombies
  2 kobold zombies (Ossuary)
  3 orc zombies (Ossuary)
  2 quokka zombies (Ossuary)
  9 rats
  4 rat zombies (Ossuary)
  A fungus (D:11)
334 creatures vanquished.

Vanquished Creatures (others)
  A centaur (D:9)
  An orc priest (D:6)
  A hound zombie (D:5)
  3 kobolds (D:10)
  3 fungi (D:11)
9 creatures vanquished.

Grand Total: 343 creatures vanquished

Notes
Turn   | Place    | Note
-------+----------+-------------------------------------------
     0 | D:1      | Yarrr the Minotaur Fighter began the quest for the Orb.
     0 | D:1      | Reached XP level 1. HP: 19/19 MP: 0/0
   135 | D:1      | Reached XP level 2. HP: 25/27 MP: 1/1
   207 | D:1      | Reached skill level 3 in Axes
   499 | D:2      | Noticed Sigmund
   502 | D:2      | Reached XP level 3. HP: 33/33 MP: 2/2
   610 | D:2      | Reached skill level 4 in Axes
   946 | D:2      | Found a shimmering altar of Xom.
  1002 | D:2      | Killed Sigmund
  1002 | D:2      | Reached skill level 6 in Axes
  1002 | D:2      | Reached XP level 4. HP: 38/40 MP: 3/3
  1002 | D:2      | Reached XP level 5. HP: 44/46 MP: 4/4
  1766 | D:3      | Reached skill level 7 in Axes
  2226 | D:4      | Noticed Slunt's ghost (amateur DsAK)
  2251 | D:4      | Killed Slunt's ghost
  2251 | D:4      | Reached skill level 8 in Axes
  2251 | D:4      | Reached XP level 6. HP: 49/52 MP: 5/5
  2552 | D:4      | Reached skill level 9 in Axes
  2552 | D:4      | Reached XP level 7. HP: 51/58 MP: 6/6
  2589 | D:4      | Found a radiant altar of Vehumet.
  3382 | D:5      | Entered Level 5 of the Dungeon
  3389 | D:5      | Reached skill level 10 in Axes
  3442 | D:5      | Found Nyunij's Magic Scroll Shoppe.
  3451 | D:5      | Bought a scroll of fear for 45 gold pieces
  3451 | D:5      | Bought a scroll of identify for 26 gold pieces
  3451 | D:5      | Bought a scroll of identify for 26 gold pieces
  3451 | D:5      | Bought a scroll of teleportation for 39 gold pieces
  3451 | D:5      | Bought a scroll of teleportation for 39 gold pieces
  3495 | D:5      | You fall through a shaft!
  3644 | D:5      | Reached skill level 11 in Axes
  3644 | D:5      | Reached XP level 8. HP: 59/66 MP: 7/7
  4148 | D:5      | Reached skill level 12 in Axes
  4293 | D:5      | Found a staircase to the Ecumenical Temple.
  4302 | Temple   | Entered the Ecumenical Temple
  4309 | Temple   | Became a worshipper of Warmaster Okawaru
  4614 | D:6      | Reached skill level 13 in Axes
  4775 | D:6      | Found a burning altar of Makhleb.
  4805 | D:6      | Reached * piety under Okawaru
  4805 | D:6      | Reached XP level 9. HP: 46/71 MP: 8/8
  5128 | D:6      | Found a glowing silver altar of Zin.
  5157 | D:7      | Found a snail-covered altar of Cheibriados.
  5164 | D:7      | Found a sand-covered staircase.
  5237 | Ossuary  | Entered an ossuary
  5265 | Ossuary  | Reached skill level 14 in Axes
  5473 | D:7      | Upgraded the game from 0.22-a0-469-gf26638a to 0.22-a0-479-gc6e99f3
  5600 | D:7      | Reached ** piety under Okawaru
  5600 | D:7      | Reached skill level 15 in Axes
  5834 | D:7      | Reached skill level 1 in Invocations
  5872 | D:7      | Found a basalt altar of Yredelemnul.
  6205 | D:8      | Reached XP level 10. HP: 74/80 MP: 10/10
  6334 | D:8      | Reached *** piety under Okawaru
  6359 | D:8      | Reached skill level 5 in Shields
  6473 | D:8      | Reached skill level 5 in Armour
  6647 | D:8      | Reached skill level 5 in Fighting
  6665 | D:8      | Found a sparkling altar of Nemelex Xobeh.
  6987 | D:9      | Noticed Zgarb's ghost (novice GnWz)
  7022 | D:9      | Killed Zgarb's ghost
  7333 | D:9      | Noticed a two-headed ogre
  7345 | D:9      | Killed a two-headed ogre
  7345 | D:9      | Reached **** piety under Okawaru
  7868 | D:10     | Entered Level 10 of the Dungeon
  8562 | D:10     | Reached skill level 16 in Axes
  8563 | D:10     | Reached ***** piety under Okawaru
  8565 | D:10     | Reached XP level 11. HP: 23/91 MP: 13/13
  9168 | D:11     | Noticed Nib's ghost (journeyman GnIE)
  9305 | D:11     | Killed Nib's ghost
  9431 | D:11     | Found a staircase to the Lair.
  9558 | D:11     | Noticed an orc sorcerer
  9559 | D:11     | Paralysed by an orc sorcerer for 7 turns
  9560 | D:11     | Noticed an orc sorcerer
  9560 | D:11     | Noticed an orc sorcerer
  9670 | D:11     | Killed an orc sorcerer
  9670 | D:11     | Reached skill level 5 in Invocations
  9698 | D:11     | Killed an orc sorcerer
  9704 | D:11     | Killed an orc sorcerer
  9814 | D:11     | Received a gift from Okawaru
  9844 | D:11     | Noticed an orc sorcerer
  9854 | D:11     | Killed an orc sorcerer
 10014 | D:11     | Found a radiant altar of Vehumet.
 10223 | D:11     | Found a shattered altar of Ashenzari.
 10560 | D:12     | Found a staircase to the Orcish Mines.
 10946 | D:12     | Noticed a deep elf mage
 10960 | D:12     | Killed a deep elf mage
 11649 | Lair:1   | Entered Level 1 of the Lair of Beasts
 11661 | Lair:1   | Killed from afar by an electric eel

Vault maps used:
D:1:      eino_arrival_tree_alley
D:2:      lemuel_coloured_pillars_altar, first_ration, minmay_pentomino_t2,
          uniq_sigmund
D:4:      vehumet_altar_wand_db
D:5:      lemuel_temple_firewalk_b, serial_shops, nicolae_shop_window_shopping
D:6:      kennysheep_mini, zin_scriptorium
D:7:      lemuel_mausoleum_altar_yredelemnul, cheibriados_altar_1,
          enter_ossuary_2, nrook_mini_vaults, amethyst_killhole,
          grunt_livestock, minmay_holes
D:8:      old_standard_altar
D:10:     kennysheep_decorative_pillar, grunt_ministairs_7
D:11:     cheibrodos_wizards_tower, grunt_lair_entry_orc_guard_hut, basic_altar,
          evilmike_ruin_ashenzari
D:12:     david_orc_2
Temple:   regret_index_temple_waves
Lair:1:   serial_bayou_lagoon_a, dpeg_stationary_puzzle
Ossuary:  minmay_ossuary_two_tombs

Skill      XL: |  1  2  3  4  5  6  7  8  9 10 11 |
---------------+----------------------------------+-----
Axes           | 3 6 8 9 11 13 15 16 | 16.6
Fighting       | 4 6 8 |  8.5
Armour         | 4 6 8 |  8.5
Shields        | 4 6 8 |  8.6
Invocations    | 1 4 6 |  6.2

Action                   |  1- 3 |  4- 6 |  7- 9 | 10-12 || total
-------------------------+-------+-------+-------+-------++-------
Melee: War axe           |    71 |    81 |   398 |   317 ||   867
       Headbutt          |     7 |    10 |    70 |    73 ||   160
       Battleaxe         |       |       |       |     8 ||     8
       Executioner's axe |       |       |       |   104 ||   104
Throw: Stone             |       |     6 |     6 |       ||    12
       Tomahawk          |       |       |       |     9 ||     9
Evoke: Wand              |       |       |     3 |     1 ||     4
  Use: Scroll            |     4 |     2 |     7 |    13 ||    26
       Potion            |     1 |       |       |       ||     1
  Eat: Chunk             |       |     5 |    14 |    16 ||    35
       Ration            |       |       |       |     2 ||     2
Armor: Scale mail        |    34 |    28 |    73 |       ||   135
       Chain mail        |       |       |    24 |    65 ||    89
       Acid dragon scale |       |       |       |    27 ||    27
Dodge: Dodged            |    31 |    20 |    54 |    81 ||   186
Block: Shield            |    34 |    45 |   212 |   150 ||   441
       Reflection        |       |       |     8 |    16 ||    24
       Other             |       |       |       |    25 ||    25

Table legend:
 A = Spawn XP
 B = Non-spawn XP
 C = Spawn XP percentage of total XP
 D = Spawn monster count
 E = Non-spawn monster count
 F = Spawn count percentage of total count
 G = Total turns spent on level
                    A         B        C        D         E        F      G
               +---------+---------+-------+---------+---------+-------+---------
         Total |       0 |   21393 |   0.0 |       0 |     335 |   0.0 | 11661
               +---------+---------+-------+---------+---------+-------+---------
           D:1 |       0 |      43 |   0.0 |       0 |      23 |   0.0 |   775
           D:2 |       0 |     260 |   0.0 |       0 |      17 |   0.0 |   656
           D:3 |       0 |      36 |   0.0 |       0 |      15 |   0.0 |   684
           D:4 |       0 |     686 |   0.0 |       0 |      23 |   0.0 |  1267
           D:5 |       0 |     899 |   0.0 |       0 |      27 |   0.0 |   945
           D:6 |       0 |    1193 |   0.0 |       0 |      32 |   0.0 |   686
           D:7 |       0 |    2041 |   0.0 |       0 |      29 |   0.0 |   801
           D:8 |       0 |    1040 |   0.0 |       0 |      23 |   0.0 |   776
           D:9 |       0 |    2237 |   0.0 |       0 |      16 |   0.0 |  1174
          D:10 |       0 |    3161 |   0.0 |       0 |      28 |   0.0 |  1123
          D:11 |       0 |    5917 |   0.0 |       0 |      29 |   0.0 |  1230
          D:12 |       0 |    3517 |   0.0 |       0 |      35 |   0.0 |  1167
       Ossuary |       0 |     363 |   0.0 |       0 |      38 |   0.0 |   221
               +---------+---------+-------+---------+---------+-------+---------
